 Dungeon Crawl Stone Soup version 0.27-a0-1272-g7c8ad2e407 (webtiles) character file.

Game seed: 8194780767216394339

92 Froggeryz the Insei (level 4, -4/35 HPs)
             Began as a Draconian Transmuter on June 11, 2021.
             Slain by an orc warrior
             ... wielding a +0 glaive
              (18 damage)
             ... on level 4 of the Dungeon.
             The game lasted 00:02:48 (3744 turns).

Froggeryz the Insei (Draconian Transmuter)          Turns: 3744, Time: 00:02:49

Health: -4/35      AC:  7    Str: 12    XL:     4   Next: 35%
Magic:  7/7        EV: 12    Int: 13    God:
Gold:   76         SH:  0    Dex: 13    Spells: 6/7 levels left

rFire    . . .     SeeInvis .     - Unarmed
rCold    . . .     Faith    .   (no shield)
rNeg     . . .     Spirit   .   (armour unavailable)
rPois    .         Reflect  .   (helmet currently unavailable)
rElec    .         Harm     .   g - +1 cloak
rCorr    .         Rampage  .   (no gloves)
Will     .....                  (boots currently unavailable)
Stlth    +.........             (no amulet)
HPRegen  0.11/turn              (no ring)
MPRegen  0.10/turn              (no ring)

@: appendages (expiring)
A: horns 2, talons 2, AC +5, unfitting armour, cold-blooded
a: End Transformation


You were on level 4 of the Dungeon.
You had temporarily grown beastly horns and talons.
You visited 1 branch of the dungeon, and saw 4 of its levels.

You collected 76 gold pieces.

Inventory:

Missiles
 f - 10 poisoned darts (quivered)
Armour
 g - a +1 cloak (worn)
Scrolls
 j - a scroll of amnesia
Potions
 a - 2 potions of invisibility
 c - a potion of might


   Skills:
 - Level 1.1 Fighting
 + Level 2.7 Dodging
 * Level 4.6 Unarmed Combat
 - Level 2.0 Spellcasting
 - Level 2.0 Transmutations


You had 6 spell levels left.
You knew the following spells:

 Your Spells              Type           Power      Damage    Failure   Level
a - Beastly Appendage     Tmut           12%        N/A       11%         1

Your spell library contained the following spells:

 Spells                   Type           Power      Damage    Failure   Level
 Wereblood                Tmut           6%         N/A       17%         2
 Spider Form              Tmut/Pois      1%         N/A       45%         3
 Ice Form                 Ice/Tmut       3%         N/A       86%         4


Dungeon Overview and Level Annotations

Branches:
Dungeon (4/15)
 Temple: D:4-7

Altars:
Qazlal


Innate Abilities, Weirdness & Mutations

You have temporarily grown beastly horns and talons.
Your plain brown scales are hard. (AC +5)
You cannot fit into any form of body armour.
You are cold-blooded and may be slowed by cold attacks.


Message History

The orc is almost dead.
Your transformation is almost over.
The hound skeleton bites you but does no damage.
The phantom completely misses you.
An orc comes into view. It is wielding a +0 mace.
The orc hits you but does no damage. The orc barely misses you.
You barely miss the orc.
The orc is almost dead.
The orc shouts!
You hear a shout! x2
The hound skeleton misses you. The howler monkey hits you.
The phantom hits you.
The phantom blinks!
You blink.
You hit the phantom.
The phantom is lightly damaged.
The phantom hits you.
You hit the phantom.
Your tail-slap misses the phantom.
The phantom is lightly damaged.
The phantom barely misses you.
You hit the phantom but do no damage. You headbutt the phantom!
Your tail-slap misses the phantom.
The phantom is heavily damaged.
The phantom barely misses you.
You hit the phantom but do no damage.
The phantom is heavily damaged.
You hit the phantom.
The phantom is heavily damaged.
The phantom barely misses you.
You hit the phantom. Your kick misses the phantom.
Your headbutt misses the phantom.
The phantom is severely damaged.
The phantom hits you.
The phantom blinks!
You blink.
An orc warrior comes into view. It is wielding a +0 glaive.
An orc wizard comes into view. It is wielding a +0 dagger.
You closely miss the phantom.
The orc warrior shouts!
Your kick misses the phantom.
The phantom is severely damaged.
The phantom hits you!
The phantom blinks!
You blink.
The orc warrior hits you from afar with a +0 glaive!!
Ouch! That really hurt!
You die...

######### #########
#.......# #.......#
#.o.....# #.......#
#.o..o..# #.......#
#.K.g.W@###.......#
#.......o.........#
#########.h.....##########
.......§§.oZ..............
#########ooo..§###########
######§# ..# ...# ....#


You could see an orc warrior, a phantom, a howler monkey, an orc wizard, 6 orcs,
a hobgoblin (wandering), a kobold (wandering) and a hound skeleton.

Vanquished Creatures
  2 adders
  A worm (D:2)
  2 dart slugs
  An orc (D:3)
  4 ball pythons
  3 endoplasms
  A giant cockroach (D:1)
  3 goblins
  6 hobgoblins
  6 jackals (D:1)
  5 kobolds
  4 quokkas
  2 bats
  4 frilled lizards
  22 rats
66 creatures vanquished.

Notes
Turn   | Place    | Note
-------+----------+-------------------------------------------
     0 | D:1      | Froggeryz the Draconian Transmuter began the quest for the
                  | Orb.
     0 | D:1      | Reached XP level 1. HP: 16/16 MP: 3/3
   527 | D:1      | Found a faded altar of an unknown god.
   580 | D:1      | Reached XP level 2. HP: 19/23 MP: 3/5
  1143 | D:1      | Reached XP level 3. HP: 27/28 MP: 6/6
  1677 | D:2      | Reached skill level 4 in Unarmed Combat
  1790 | D:2      | Found a stormy altar of Qazlal.
  2651 | D:3      | Reached XP level 4. HP: 30/35 MP: 5/7
  2947 | D:3      | Found a stormy altar of Qazlal.
  3232 | D:4      | Noticed an ogre
  3234 | D:4      | Noticed a phantom
  3743 | D:4      | Noticed an orc warrior
  3744 | D:4      | Slain by an orc warrior

Illustrated notes

Levels and vault maps discovered:
D:1:      eino_arrival_cavern_a, layout_basic,
          hellmonk_ecumenical_altar_arch_garden, corexii_corridor_pit,
          minmay_misc_feat_rows, patterned_corridor
D:2:      layout_rooms, basic_altar, minmay_misc_feat_nine_boxes,
          minmay_rat_hole
D:3:      layout_basic, grunt_qazlal_sundering
D:4:      layout_basic, kennysheep_generic_room_7

Skill      XL: |  1  2  3 |
---------------+----------+-----
Dodging        | 2 |  2.7
Unarmed Combat | 4 |  4.6
Fighting       | |  1.1
Spellcasting   | |  2.0
Transmutations | |  2.0

Action                   |  1- 3 |  4- 6 || total
-------------------------+-------+-------++-------
Melee: Unarmed           |   189 |    38 ||   227
       Kick              |     9 |     1 ||    10
       Tailslap          |    14 |     3 ||    17
       Punch             |     1 |       ||     1
       Headbutt          |     5 |     3 ||     8
 Cast: Beastly Appendage |     8 |     1 ||     9
  Use: Scroll            |       |     8 ||     8
       Potion            |       |     2 ||     2
 Stab: Sleeping          |     1 |     2 ||     3
Armor: Skin              |    72 |    20 ||    92
Dodge: Dodged            |   109 |    21 ||   130

Table legend: (Time is in decaauts)
 A = Elapsed time spent in this place.
 B = Non-inter-level travel time spent in this place.
 C = Inter-level travel time spent in this place.
 D = Time resting spent in this place.
 E = Time spent auto-exploring this place.
 F = Levels seen in this place.
 G = Mean time per level.
                   A        B        C        D        E       F      G
               +--------+--------+--------+--------+--------+-----+--------+
         Total |   3732 |   3612 |    120 |    329 |   2811 |   4 |  933.0 |
       Dungeon |   3732 |   3612 |    120 |    329 |   2811 |   4 |  933.0 |
               +--------+--------+--------+--------+--------+-----+--------+

Top non-repeatable levels by time:
     D:1: 1648 daAuts
     D:2: 861 daAuts
     D:3: 690 daAuts
     D:4: 532 daAuts
